Description

For personal use.

Replay - INnoVation v Serral: Game 2 - Ice and Chrome LE

Build Order

Get SALT Encoding   

  13  0:12  Overlord  
  16  0:47  Hatchery  
  18  1:07  Extractor  
  17  1:12  Spawning Pool  
  20  1:49  Overlord  
  20  1:59  Queen x2  1st Queen, 2nd Queen
  20  2:00  Zergling x4  
  26  2:11  Metabolic Boost  Take one drone off gas
  30  2:34  Hatchery  
  31  2:46  Queen  3rd Queen
  33  2:51  Overlord  
  36  3:08  Pneumatized Carapace   @100% put a drone back to 1st gas
  40  3:16  Overlord  
  41  3:25  Queen  4th Queen (constant production til 8 ct)
  41  3:30  Action  Send one overlord and poke with one ling at front
  44  3:38  Zergling x4  Defense ling
  47  3:47  Queen  5th Queen
  53  3:54  Overlord  
  58  4:12  Queen  6th Queen
  58  4:13  Lair  @50%, bling nest
  66  4:24  Queen  7th Queen
  66  4:30  Action  a spore at main if liberator/banshee opening delay 20 sec if first viking
  72  4:33  Extractor x2  2nd extractor, 3rd extractor, @100% take 4th extractor at main
  72  4:36  Baneling Nest  Lair should be half done
  74  4:48  Queen  
  77  5:14  Extractor  4th extractor, @100% take 5th,6th at 3rd
  79  5:30  Spire  @100% make a round of mutas, bling speed then throw down 2 evos
  80  5:48  Extractor x2  
  97  6:45  Hatchery  
  108  6:58  Zerg Flyer Weapons Level 1  
  112  7:06  Centrifical Hooks  
  111  7:11  Evolution Chamber x2  
  135  8:09  Extractor  
  135  8:11  Zerg Ground Armor Level 1, Zerg Melee Weapons Level 1  
  136  8:15  Hatchery  
  143  8:32  Roach Warren, Infestation Pit  
  163  9:15  Hive  
  185  9:39  Zerg Flyer Weapons Level 2  
Spawning Tool Build Advisor. Get it on Overwolf

Go to:

Details

  • Created by: TinyPumpkin
  • Published on: Aug 10, 2020
  • Modified on: Aug 12, 2020
  • Patch: 4.11.0
  • Difficulty: Easy
Show
View Real Time Build Order
Export as new Build Order

Comments (0)

There are no comments. Be the first!

Create an account to comment!